 Dungeon Crawl Stone Soup version 0.30-a0-760-g5a9884bb7c (webtiles) character file.

Game seed: 15126850191302410430

244 avis the Shooter (level 5, -2/45 HPs)
             Began as a Demigod Hunter on Feb 11, 2023.
             Slain by a gnoll bouda
             ... wielding a +0 club
              (12 damage)
             ... on level 4 of the Dungeon on Feb 12, 2023.
             The game lasted 00:11:56 (2539 turns).

avis the Shooter (Demigod Hunter)                   Turns: 2539, Time: 00:11:57

Health: -2/45      AC:  3    Str: 12    XL:     5   Next: 52%
Magic:  7/7        EV: 12    Int: 11    God:
Gold:   141        SH:  0    Dex: 21    Spells: 4/4 levels left

rFire   . . .      SeeInvis .    a - +0 shortbow
rCold   . . .      Faith    .    (shield currently unavailable)
rNeg    . . .      Spirit   .    c - +0 leather armour
rPois   .          Reflect  .    (no helmet)
rElec   .          Harm     .    (no cloak)
rCorr   .          Rampage  .    (no gloves)
Will    .....                    (no boots)
Stlth   ++                       q - amulet of the acrobat
HPRegen 0.27/turn                (no ring)
MPRegen 0.10/turn                (no ring)

@: weakened
A: high MP 1, forlorn, divine attributes
a: no special abilities


You were on level 4 of the Dungeon.
You visited 1 branch of the dungeon, and saw 4 of its levels.

You collected 141 gold pieces.

Inventory:

Hand Weapons
 a - a +0 shortbow (weapon)
 k - a +0 sling
 o - a +1 mace of protection
Missiles
 p - 4 silver boomerangs
Armour
 c - a +0 leather armour (worn)
Jewellery
 d - an amulet of magic regeneration
 h - an amulet of magic regeneration
 q - an amulet of the acrobat (around neck)
Scrolls
 b - a scroll of immolation
 g - 7 scrolls of identify {unknown}
 l - a scroll of magic mapping {unknown}
 n - 2 scrolls of teleportation {unknown}
Potions
 e - 5 potions of heal wounds {unknown}
 f - a potion of cancellation {unknown}
 i - a potion of magic {unknown}
 j - 2 potions of lignification {unknown}
 m - 2 potions of mutation {unknown}
 r - a potion of resistance {unknown}
 s - 2 potions of curing


   Skills:
 - Level 3.0 Fighting
 * Level 6.0 Ranged Weapons
 - Level 2.0 Dodging
 - Level 0.8 Stealth


You had 4 spell levels left.
You didn't know any spells.
Your spell library was empty.

Dungeon Overview and Level Annotations

Branches:
Dungeon (4/15)
 Temple: D:4-7

Annotations:
D:3 1 runed translucent door, exclusion: door, Crazy Yiuf


Innate Abilities, Weirdness & Mutations

You have an increased reservoir of magic. (+10% MP)
You shall have no god before yourself.
Your divine heritage dramatically boosts your attributes as you level up.


Message History

The arrow hits the gnoll bouda but does no damage.
The gnoll bouda is moderately wounded.
The gnoll is no longer moving quickly.
The gnoll bouda hits you with a +0 club.
Fire: a) +0 shortbow
Press: ? - help, Q - select action, (/) - cycle Shift-Dir - straight line, f/p - gnoll
Aim: a gnoll, wielding a +0 flail (almost dead, covering ground quickly, 69% to hit)
You shoot an arrow.
The arrow hits the gnoll bouda but does no damage.
The gnoll bouda is moderately wounded.
The gnoll bouda closely misses you.
Fire: a) +0 shortbow
Press: ? - help, Q - select action, (/) - cycle Shift-Dir - straight line, f/p - gnoll
Aim: a gnoll, wielding a +0 flail (almost dead, covering ground quickly, 69% to hit)
You shoot an arrow.
The arrow barely misses the gnoll bouda.
The arrow hits the gnoll!
You kill the gnoll!
The gnoll bouda hits you with a +0 club!
Training target 3.0 for Fighting reached!
Your Fighting skill increases to level 3!
You need to enable at least one skill for training.
Fire: a) +0 shortbow
Press: ? - help, Q - select action, (/) - cycle Shift-Dir - straight line, f - gnoll
Aim: a gnoll, wielding a +0 club (covering ground quickly, 69% to hit)
You shoot an arrow. The arrow hits the gnoll bouda.
The gnoll bouda is heavily wounded.
The gnoll bouda barely misses you.
Fire: a) +0 shortbow
Press: ? - help, Q - select action, (/) - cycle Shift-Dir - straight line, f/p - gnoll
Aim: a gnoll, wielding a +0 club (covering ground quickly, 69% to hit)
You shoot an arrow.
The arrow hits the gnoll bouda but does no damage.
The gnoll bouda is heavily wounded.
The gnoll bouda hits you with a +0 club!
* * * LOW HITPOINT WARNING * * *
The gnoll bouda gazes fiercely through you!
You feel your attacks grow feeble.
The gnoll bouda hits you with a +0 club!
You die...

#### ##..# ##...#######
#.....##...# ##.....#...#
#### ##........g#####
#..######
##........gg##..###...#...#
#.........##@.............#
##........##....[.....(..##
#........#.##.##.....#.###
#..........##.###.#..##..##
##................#..##.#.#
..#.....(##........)#....#
...#........##......<....##
......##.......##.........###
...... ....##...##.#......#.


You could see a gnoll bouda and 2 gnolls.

Vanquished Creatures
  Menkaure (D:4)
  Terence (D:2)
  A gnoll (D:4)
  2 adders (D:2)
  3 worms
  An orc (D:2)
  9 ball pythons
  5 endoplasms
  2 giant cockroaches
  5 goblins
  6 hobgoblins
  A quokka (D:3)
  2 bats
  9 frilled lizards
  11 kobolds
  7 rats
66 creatures vanquished.

Notes
Turn   | Place    | Note
-------+----------+-------------------------------------------
     0 | D:1      | avis the Demigod Hunter began the quest for the Orb.
     0 | D:1      | Reached XP level 1. HP: 17/17 MP: 3/3
   391 | D:1      | Reached skill level 4 in Ranged Weapons
   395 | D:1      | Reached XP level 2. HP: 24/24 MP: 4/4
   949 | D:2      | Noticed Terence
   969 | D:2      | Killed Terence
   970 | D:2      | Reached XP level 3. HP: 5/29 MP: 5/5
  1402 | D:2      | Reached skill level 5 in Ranged Weapons
  1525 | D:2      | Reached XP level 4. HP: 36/36 MP: 6/6
  1528 | D:2      | You fall into a shaft and drop 2 floors!
  1995 | D:3      | Found a runed translucent door.
  1996 | D:3      | Noticed Crazy Yiuf
  2355 | D:4      | Noticed Menkaure
  2469 | D:4      | Killed Menkaure
  2470 | D:4      | Reached skill level 6 in Ranged Weapons
  2470 | D:4      | Reached XP level 5. HP: 44/44 MP: 7/7
  2539 | D:4      | Slain by a gnoll bouda

Illustrated notes

Levels and vault maps discovered:
D:1:      onia_arrival_pyramid, layout_loops_corners
D:2:      layout_loops_ring, uniq_terence
D:3:      layout_rooms, dreamdust_ecumenical_altar_grove, minmay_statues_item,
          uniq_crazy_yiuf_cottage
D:4:      minmay_diamond_boxcup, layout_cave_pools, yredelemnul_altar_generic,
          mainiacjoe_overflow_big_doors, minmay_temple_entry_junction,
          hangedman_decor_peaks_small, uniq_menkaure, uniq_natasha

Skill      XL: |  1  2  3  4  5 |
---------------+----------------+-----
Fighting       | 2 3 |  3.0
Ranged Weapons | 4 5 6 |  6.0
Dodging        | 2 |  2.0
Stealth        | |  0.8

Action                     |  1- 3 |  4- 6 || total
---------------------------+-------+-------++-------
   Fire: Shortbow          |    92 |    82 ||   174
 Armour: Leather armour    |     8 |     2 ||    10
  Dodge: Dodged            |    22 |    21 ||    43

Table legend: (Time is in decaauts)
 A = Elapsed time spent in this place.
 B = Non-inter-level travel time spent in this place.
 C = Inter-level travel time spent in this place.
 D = Time resting spent in this place.
 E = Time spent auto-exploring this place.
 F = Levels seen in this place.
 G = Mean time per level.
                   A        B        C        D        E       F      G
               +--------+--------+--------+--------+--------+-----+--------+
         Total |   2591 |   2308 |    283 |    306 |   1459 |   4 |  647.8 |
       Dungeon |   2591 |   2308 |    283 |    306 |   1459 |   4 |  647.8 |
               +--------+--------+--------+--------+--------+-----+--------+

Top non-repeatable levels by time:
     D:2: 933 daAuts
     D:1: 928 daAuts
     D:3: 563 daAuts
     D:4: 165 daAuts
